Cogmind - Beta 15 @@@ ROGUE MODE // 2025.09.16 @ 22:02:53 Player: cottonman132 Result: Destroyed by G-47 Trooper with Particle Gun Performance ------------- Evolutions (2) 1000 Regions Visited (3) 600 Robots Destroyed (21) 105 Value Destroyed (547) 547 Prototype IDs (0) 0 Alien Tech Used (0) 0 Bonus (0) 0 TOTAL SCORE: 2252 Bonus ------- None Cogmind --------- Core Integrity 0/550 Matter 189/300 Energy 100/100 System Corruption 0% Temperature Cool (18) Movement Core (200) Ox3 Location -8/Materials Parts ------- > --- POWER (2) -------- (None) > --- PROPULSION (3) --- (None) > --- UTILITY (4) ------ Medium Storage Unit > --- WEAPON (2) ------- Mini Grenade Launcher > --- INVENTORY (10) --- Light Nuclear Core Aluminum Leg Large Storage Unit Improved Terrain Scanner Light Armor Plating Scrap Shield Peak State ------------ > --- POWER ------------ Ion Engine Ion Engine > --- PROPULSION ------- Improved Treads Improved Treads Aluminum Leg > --- UTILITY ---------- Medium Storage Unit Targeting Computer Light Armor Plating Light Armor Plating > --- WEAPON ----------- Subdweller Beam Cannon Ion Cannon > --- INVENTORY -------- Light Nuclear Core Aluminum Leg Aluminum Leg Large Storage Unit Improved Terrain Scanner Light Armor Plating Scrap Shield [Rating: 17] Favorites ----------- Power Ion Engine Engine Ion Engine Propulsion Aluminum Leg Treads Improved Treads Leg Aluminum Leg Wheel Wheel Utility Medium Storage Unit Device Improved Terrain Scanner Storage Medium Storage Unit Processor Targeting Computer Protection Light Armor Plating Weapon Particle Gun Energy Gun Particle Gun Energy Cannon Subdweller Beam Cannon Ballistic Gun Assault Rifle Launcher Mini Grenade Launcher Special Weapon Mining Laser Build | -11 -10 -10 -8 ------- Run | Yrd Mat Sub Mat Slots Evolved 4 | . . . 4 Power 1 | . . . 1 Propulsion 1 | . . . 1 Utility 2 | . . . 2 Weapon . | . . . . Parts Attached 27 | 8 8 3 8 Power 3 | 1 1 . 1 Engine 3 | 1 1 . 1 Core . | . . . . Reactor . | . . . . Propulsion 9 | 2 3 1 3 Treads 2 | . . . 2 Leg 5 | . 3 1 1 Wheel 2 | 2 . . . Hover . | . . . . Flight . | . . . . Utility 6 | 2 1 1 2 Device 1 | 1 . . . Storage 2 | 1 1 . . Processor 1 | . . . 1 Hackware . | . . . . Protection 2 | . . 1 1 Artifact . | . . . . Weapon 9 | 3 3 1 2 Energy Gun 4 | 2 2 . . Energy Cannon 2 | . . 1 1 Ballistic Gun 1 | . 1 . . Ballistic Cannon . | . . . . Launcher 1 | . . . 1 Special Weapon 1 | 1 . . . Impact Weapon . | . . . . Slashing Weapon . | . . . . Piercing Weapon . | . . . . Special Melee Weapon . | . . . . Unidentified Prototypes . | . . . . Parts Lost 15 | . 5 . 10 Power 3 | . 1 . 2 Propulsion 5 | . 2 . 3 Utility 3 | . . . 3 Weapon 4 | . 2 . 2 Highest Loss Streak 10 | . 4 . 10 To Critical Strikes . | . . . . Average Backups 7 | 4 7 9 6 Power 1 | . 1 2 1 Propulsion 1 | 1 1 1 1 Utility 4 | . 3 5 4 Weapon . | 1 . . . Tool/Special . | . . . . Unused Backups 3 | . . . 3 Power . | . . . . Propulsion . | . . . . Utility 3 | . . . 3 Weapon . | . . . . Tool/Special . | . . . . Average Slot Usage (%) 93 | . 87 100 77 Engine 13 | . 13 14 13 Leg 23 | . 20 28 11 Wheel 3 | . 7 . . Device 9 | . 14 6 . Storage 13 | . 14 14 9 Protection 4 | . . 7 12 Energy Gun 9 | . 3 14 3 Energy Cannon 4 | . . 8 10 Ballistic Gun 7 | . 10 5 . Special Weapon 1 | . 2 . . Peak Build Rating 17 | 9 11 12 17 Average Rating 9 | 4 8 10 12 On Entrance 7 | . 9 11 10 Naked Turns . | . . . . Heaviest Build 40 | 12 21 29 40 Greatest Support 46 | 26 26 20 46 Greatest Overweight (x) 5 | 1 1 1 5 Average Overweight (x) . | . . 1 . Largest Inventory Capacity 10 | 8 10 10 10 Average Capacity 9 | 7 8 10 10 Most Carried 10 | 6 10 10 9 Average Carried 8 | 4 7 9 7 Final Capacity 10 | 8 10 10 10 Final Carried 10 | 5 9 10 7 Class Distribution -------------------- 100% | Mutant Dominant Class ---------------- Mutant | -10/Materials Mutant | -10/Subcaves Mutant | -8/Materials Resources | -11 -10 -10 -8 ----------- Run | Yrd Mat Sub Mat Matter Collected 537 | 260 232 45 . Remotely . | . . . . Salvage Created 706 | 114 360 107 125 Parts 47 | 8 20 12 7 Haulers Intercepted . | . . . . Recyclers Shooed 2 | . 1 . 1 Parts Field Recycled . | . . . . Retrieved Matter . | . . . . Parts Self-Destructed 16 | . . 16 . Prevented . | . . . . Kills | -11 -10 -10 -8 ------- Run | Yrd Mat Sub Mat Combat Hostiles Destroyed 14 | . 6 4 4 Guns 5 | . 5 . . Cannons 4 | . . 4 . AOE 4 | . . . 4 Classes Destroyed 9 | 2 3 3 1 Worker 1 | . . . 1 Builder 1 | . 1 . . Tunneler 3 | 1 2 . . Recycler 1 | 1 . . . Watcher 1 | . 1 . . Swarmer 3 | . . 3 . Grunt 10 | . 6 . 4 Cobbler 1 | . . 1 . Subdweller 1 | . . 1 . Best Kill Streak 5 | 2 3 3 5 Combat Bots Only 4 | . 2 3 4 Max Kills in Single Turn 3 | 1 1 1 3 Gunslinging . | . . . . Exploded 2 | . . . 2 Melee . | . . . . Uniques/NPCs Destroyed . | . . . . Combat | -11 -10 -10 -8 -------- Run | Yrd Mat Sub Mat Hostile Shots Fired 193 | . 57 23 113 Missed 43 | . 12 7 24 Hits 150 | . 45 16 89 Melee 11 | . . . 11 Projectile 139 | . 45 16 78 Critical Strikes 8 | . 1 . 7 Damage Taken 2437 | . 601 210 1626 Core 744 | . 134 60 550 Absorbed by Shields . | . . . . Core Remaining (%) 61 | 100 . 22 . Volleys Fired 102 | 9 71 15 7 Largest 2 | 1 2 2 2 Hottest 145 | 50 100 145 140 Shots Fired 128 | 9 78 30 11 Gun 104 | 9 75 20 . Cannon 18 | . . 10 8 Launcher 3 | . . . 3 Special 3 | . 3 . . Kinetic 54 | . 49 5 . Thermal 49 | 9 7 25 8 Explosive 3 | . . . 3 Electromagnetic 22 | . 22 . . Robot Hit Streak 12 | 2 12 8 3 Robot Miss Streak 8 | 1 8 3 2 Penetration Max . | . . . . Secondary Targets . | . . . . Shots Hit Robots 76 | 6 44 20 6 Core Hits 36 | 3 17 6 10 Critical Kills . | . . . . Critical Parts Destroyed . | . . . . Critical Strikes 2 | 1 . 1 . Burn 2 | 1 . 1 . Melee Attacks . | . . . . Impact . | . . . . Slashing . | . . . . Piercing . | . . . . Sneak Attacks . | . . . . Combat Hostiles . | . . . . Follow-up Attacks . | . . . . Damage Inflicted 1786 | 74 581 411 720 Guns 819 | 74 581 164 . Cannons 396 | . . 247 149 Explosions 568 | . . . 568 Melee . | . . . . Ramming 3 | . . . 3 Kinetic 392 | . 367 25 . Thermal 625 | 74 16 386 149 Explosive 568 | . . . 568 Electromagnetic 198 | . 198 . . Impact . | . . . . Slashing . | . . . . Piercing . | . . . . Highest Corruption . | . . . . Average Corruption . | . . . . Corruption Purged . | . . . . Corruption Blocked . | . . . . Overload Shots . | . . . . Overflow Damage 18 | . . 13 5 Projectiles 13 | . . 13 . Explosions 5 | . . . 5 Melee . | . . . . Knockbacks . | . . . . Impact . | . . . . Kinetic . | . . . . Secondary . | . . . . Self-Inflicted Damage . | . . . . Shots . | . . . . Rammed . | . . . . Targets Rammed 1 | . . . 1 Kicked 1 | . . . 1 Crushed . | . . . . Highest Temperature 407 | 50 254 165 407 Average Temperature 137 | 20 119 64 252 Received Heat Transfer 1179 | . 351 36 792 Effects 5 | . 1 . 4 Energy Bleed 1 | . 1 . . Interference 2 | . . . 2 Matter Decay 1 | . . . 1 Short Circuit 1 | . . . 1 Siege Activations . | . . . . Martial Activations . | . . . . Shielding Activations . | . . . . Robots Disrupted . | . . . . Combat Hostiles . | . . . . Robots Corrupted 1 | . 1 . . Combat Hostiles 1 | . 1 . . Parts Fried 1 | . 1 . . Impact Corruptions . | . . . . Robots Melted . | . . . . Combat Hostiles . | . . . . Parts Melted . | . . . . Heat Transferred 1295 | 296 37 740 222 Parts Sabotaged . | . . . . Parts Stolen . | . . . . Parts Stripped . | . . . . Power Chain Reactions . | . . . . Alert | -11 -10 -10 -8 ------- Run | Yrd Mat Sub Mat Maximum Alert Level . | . . . . Low Security (%) 100 | 100 100 . 100 Level 1 . | . . . . Level 2 . | . . . . Level 3 . | . . . . Level 4 . | . . . . Level 5 . | . . . . High Security . | . . . . Max Security . | . . . . Peak Influence 98 | 10 98 . 67 Initial . | . . . . Average 15 | 1 19 . 1 Influence Increases 544 | 10 344 70 120 Destroy 0b10 Robot/C 260 | . 120 60 80 Destroy 0b10 Robot/NC 35 | 10 20 . 5 Destroy Leader 52 | . 32 10 10 Successful Hack 4 | . 4 . . Disable Machine 15 | . . . 15 Destroy Structure 13 | . 3 . 10 Lose Combat Pursuer 165 | . 165 . . Influence Decreases 426 | 10 252 162 2 Entered New Map 45 | . . 45 . Time Decay 330 | 10 202 117 1 Lost Part 51 | . 50 . 1 Squads Dispatched 4 | . 3 . 1 Investigation . | . . . . Extermination . | . . . . Reinforcement 4 | . 3 . 1 Assault . | . . . . Garrison . | . . . . Intercept . | . . . . Searches Triggered . | . . . . Construction Impeded . | . . . . Haulers Reinforced . | . . . . Active Scanning Responses . | . . . . Cargo Convoy Interrupts . | . . . . Stealth | -11 -10 -10 -8 --------- Run | Yrd Mat Sub Mat Distress Signals 4 | . 3 . 1 Communications Jammed . | . . . . Distress Signals . | . . . . Times Spotted 33 | . 20 4 9 Peak Tracking Total 8 | . 5 3 8 Tactical Retreats 5 | . 5 . . Traps | -11 -10 -10 -8 ------- Run | Yrd Mat Sub Mat Traps Triggered . | . . . . Indirectly . | . . . . Trap Hack Attempts . | . . . . Triggered . | . . . . Disarmed . | . . . . Reprogrammed . | . . . . Reused . | . . . . Traps Extracted . | . . . . Installed . | . . . . Triggered . | . . . . Machines | -11 -10 -10 -8 ---------- Run | Yrd Mat Sub Mat Machines Disabled 1 | . . . 1 Max in Single Turn 1 | . . . 1 Machines Repaired . | . . . . Machines Dismantled . | . . . . Machines Sabotaged . | . . . . Overloaded Fab Kills . | . . . . Hacking | -11 -10 -10 -8 --------- Run | Yrd Mat Sub Mat Machines Accessed 4 | . 3 1 . Terminals 3 | . 3 . . Fabricators . | . . . . Repair Stations . | . . . . Recycling Units . | . . . . Scanalyzers . | . . . . Garrison Access . | . . . . Total Hacks 10 | . 6 4 . Successful 6 | . 2 4 . Failed 4 | . 4 . . Catastrophic . | . . . . Database Lockouts . | . . . . Manual 3 | . 3 . . Terminals 6 | . 6 . . Fabricators . | . . . . Repair Stations . | . . . . Recycling Units . | . . . . Scanalyzers . | . . . . Garrison Access . | . . . . Terminal Hacks 6 | . 2 4 . Record 4 | . . 4 . Robot Analysis 1 | . 1 . . Registered Components 1 | . 1 . . Fabricator Hacks . | . . . . Repair Station Hacks . | . . . . Recycling Unit Hacks . | . . . . Scanalyzer . | . . . . Garrison Access Hacks . | . . . . Unauthorized Hacks . | . . . . Terminals . | . . . . Fabricators . | . . . . Repair Stations . | . . . . Recycling Units . | . . . . Scanalyzers . | . . . . Garrison Access . | . . . . Data Cores Recovered . | . . . . Used . | . . . . Hacking Detections 2 | . 2 . . Full Trace Events . | . . . . Feedback Events . | . . . . Feedback Blocked . | . . . . Robot Schematics Acquired . | . . . . Robots Built . | . . . . Authchips . | . . . . Time . | . . . . Total Robot Build Rating . | . . . . Part Schematics Acquired . | . . . . Parts Built . | . . . . Authchips . | . . . . Time . | . . . . Total Part Build Rating . | . . . . Parts Repaired . | . . . . Time . | . . . . Parts Recycled . | . . . . Recycled Matter . | . . . . Retrieved Matter . | . . . . Retrieved Components . | . . . . Parts Scanalyzed . | . . . . Part Schematics Acquired . | . . . . Parts Damaged . | . . . . Bothacking | -11 -10 -10 -8 ------------ Run | Yrd Mat Sub Mat Used RIF Installer . | . . . . Robots Hacked . | . . . . Non-combat . | . . . . Combat . | . . . . Robot Hacks Applied . | . . . . Relay Couplers Released . | . . . . Fabnet Peak Effective % . | . . . . Robots Rewired . | . . . . Allies Hacked . | . . . . Hacks Repelled . | . . . . Allies | -11 -10 -10 -8 -------- Run | Yrd Mat Sub Mat Total Allies . | . . . . Largest Group . | . . . . Highest-Rated Group . | . . . . Highest-Rated Ally . | . . . . Total Orders . | . . . . Ally Attacks . | . . . . Total Damage . | . . . . Kills . | . . . . Allies Corrupted . | . . . . Allies Melted . | . . . . Intel | -11 -10 -10 -8 ------- Run | Yrd Mat Sub Mat Active Infowar (turns) 1267 | 7 813 447 . Terrain 1267 | 7 813 447 . Robot Analysis Total 1 | . 1 . . Derelict Logs Recovered . | . . . . Drone Launches . | . . . . Drone Recoveries . | . . . . Exploration | -11 -10 -10 -8 ------------- Run | Yrd Mat Sub Mat Turns Passed 2004 | 94 813 964 133 Spaces Moved 1153 | 67 552 481 53 Core 22 | 15 . . 7 Treads 35 | . . . 35 Legs 906 | . 414 481 11 Wheels 190 | 52 138 . . Hover . | . . . . Flight . | . . . . Fastest Speed 50 | 50 80 190 160 Average Speed 147 | 83 114 190 185 Slowest Speed 330 | 100 190 190 330 Overloaded Moves . | . . . . Propulsion Burnouts . | . . . . Robots Hopped . | . . . . Potential Cave-ins . | . . . . Cave-ins Triggered . | . . . . Exploration Rate (%) 29 | 4 81 25 8 Regions Visited 3 Branch Regions 1 Pre-discovered Areas 1 | . . 1 . Known Exits Taken 1 | . . 1 . Unknown Exits Taken 2 | 1 1 . . Scrap Searched 2 | . . 2 . Spaces Dug 2 | . 2 . . Terrain Destroyed 13 | . 2 1 10 Melee . | . . . . Projectile 5 | . 2 1 2 AOE 8 | . . . 8 Terrain Rammed . | . . . . Walls Destroyed . | . . . . Machines Disabled . | . . . . Actions | -11 -10 -10 -8 --------- Run | Yrd Mat Sub Mat Total 1326 | 96 653 502 75 Wait 6 | . 6 . . Move 1150 | 66 551 480 53 Hop . | . . . . Pick Up 30 | 12 12 2 4 Fast Attach . | . . . . Attach 23 | 8 7 1 7 Detach 1 | 1 . . . Swap 6 | . 2 2 2 Drop 7 | . 4 2 1 Fire 102 | 9 71 15 7 Melee . | . . . . Ram . | . . . . Kick 1 | . . . 1 Crush . | . . . . Escape Stasis . | . . . . Rewire . | . . . . Trap . | . . . . Miscellaneous . | . . . . Route ------- -11/Scrapyard -10/Materials (discovered 4 exits: [*Mat x3] / *Sub) -10/Subcaves (discovered 3 exits: *Mat x2 / Rec) -8/Materials History --------- Turn | Location | Event 4 | -11/Scrapyard | Discovered new exit (range 15) 95 | -11/Scrapyard | Entered Materials 140 | -10/Materials | Discovered new exit (range 12) 324 | -10/Materials | Build established: Mutant 324 | -10/Materials | Lost 4 parts (1p1n2w) 583 | -10/Materials | Discovered new exit (range 13) 724 | -10/Materials | Discovered new exit (range 5) 824 | -10/Materials | Core integrity fell below 50% 842 | -10/Materials | Discovered new exit (range 6) 908 | -10/Materials | Entered Subcaves 1116 | -10/Subcaves | Visited Clippyterm 1121 | -10/Subcaves | Identified exit to Materials 1121 | -10/Subcaves | Identified exit to Recycling 1121 | -10/Subcaves | Learned location of Deep Caves (-7) 1341 | -10/Subcaves | Disturbed a concealed Subdweller 1872 | -10/Subcaves | Entered Materials 1872 | -8/Materials | Evolved 4 slots: Power x1, Propulsion x1, Utility x2 1985 | -8/Materials | Core integrity fell below 50% 1999 | -8/Materials | Core integrity fell below 20% 2005 | -8/Materials | Destroyed by G-47 Trooper with Particle Gun Last Messages --------------- 01990_ Broken Ion Cannon destroyed. 01993_ K-01 Serf collects debris. 01999_ Acquired Mni. Grenade Launcher. 02000_ K-01 Serf collects debris. 02000_ L-31 Rogue destroyed. 02000_ Critical hit (Burn: +37). 02000_ K-01 Serf collects debris. 02001_ Repair Station disabled. 02001_ Backup Laser I tumbles out of repair station. 02001_ K-01 Serf destroyed. 02001_ Backup Laser I tumbles out of repair station. 02001_ Backup Plating I tumbles out of repair station. 02001_ G-47 Trooper destroyed. 02001_ Critical hit (Burn: +37). 02003_ K-01 Serf collects debris. 02005_ Destroyed Lgt. Nuclear Core. 02005_ G-47 Trooper destroyed. Map ----- +----------------------------------------------------+ | ???????????????????????????????????? | | ???????????????????????????????????? | | ???????????????????????????????????? | | ???????????????????????????????????? | | ???????????????????????????????????? | | ???????????????????????????????????? | | ???????????????????????????????????? | | ???????????????????????????????????? | | ???????????????????????????????????? | | ???????????????????????????????????? | | ???????????????????????????????????? | | ???????????????????????????????????? | | ???????????????????????????????????? | | ???????????????????????????????????? | | ???????????????????????????????????? | | ???????????????????????????????????? | | ???????????????????????????????????? | | ????????????????????######?????????? | | ???????????????????##!!!!##????????? | | ???????????????????#! !#????????? | | ???????????????????# #????????? | | ??????????########## #####????? | | ????????? #????? | | ????????? [ #????? | | ????????? #????? | | ????????? @#####????? | | ????????? %/#????????? | | ????????? || g!#????????? | | ????????? || ????????? | | ????????? || * ????????? | | ??????????###### =%* ! ######### | | ???????????????# g! # | | ???????????????# k""[[ r # | | ???????????????#^ " ! # | | ???????????????#^ """[ # | | ???????????????# + # | | ???????????????# " # | | ???????????????# # # | | ?????????? # # | | ???????????########+#####a# # | | ????????????????????????#/"######### | | ????????????????????????# # | | ????????????????????????# """ """ ? | | ????????????????????????#[ """ """ ? | | ????????????????????????# """ """ # | | ????????????????????????# # | | ????????????????????????# # | | ????????????????????????#######+###? | | ????????????????????????????????#??? | | ???????????????????????????????????? | +----------------------------------------------------+ Best States ------------- Heat Dissipation 31 Energy Generation 15 Energy Capacity 400 Matter Stores 300 Matter Capacity 300 Sight Range 16 Terrain Scan Range 16 Terrain Scan Density 10 Armor Coverage 300 Evasion (%) 55 Targeting Accuracy 5 Recoil Reduction 2 Item Schematics ----------------- None Robot Schematics ------------------ None Fabricated ------------ Nothing Repaired ---------- Nothing Alien Tech Used ----------------- None Achievements -------------- None Challenges ------------ None Game ------ Seed SwordElectronCutter Manual? 0 Play Time 00:15:25 Cumulative 11.3 hours Start 2025.09.16 @ 21:49:26 End 2025.09.16 @ 22:02:53 Sessions 1 Manual Loads 0 Difficulty Rogue Special Mode None Game No. 37 Rogue 37 Adventurer 0 Explorer 0 Win Type - Total 0 Types 0/0/0/0/0/0/0/0/0/0 Lore% 19 Gallery% 11 Achievement% 16 Wizard Run 0 Options --------- Layout 2 ASCII 0 Keyboard 0 Movement Mouse Keybinds 0 Fullscreen 1 Font 24/Smallcaps Map View 50x44 Zoom Use 0% Tactical HUD 1 Map Filters NONE Filters NONE Steam 1 RUN: ecccddde-bb1e-43d0-bd49-7ed944afd2b7